 Dungeon Crawl Stone Soup version 0.15.0-29-ga8e3430 (webtiles) character file.

25 Psiweapon the Ruffian (level 3, -8/20 HPs)
             Began as a Gargoyle Transmuter on Sept 12, 2014.
             Mangled by a gnoll
             ... wielding a +0 flail
              (13 damage)
             ... on Level 1 of the Dungeon.
             The game lasted 00:03:13 (979 turns).

Psiweapon the Ruffian (Gargoyle Transmuter)          Turns: 979, Time: 00:03:13

HP  -8/20        AC  5     Str 13      XL: 3   Next:  4%
MP   6/6         EV 11     Int 13      God:
Gold 63          SH  5     Dex 11      Spells:  1 memorised,  5 levels left

rFire  . . .     SeeInvis .       - Unarmed
rCold  . . .     Clarity  .     c - +0 robe
rNeg   + . .     rCorr    .     f - +2 buckler
rPois  +         rRot     +     (no helmet)
rElec  +         Spirit   .     (no cloak)
SustAb .         Warding  .     (no gloves)
rMut   .         Stasis   .     (no boots)
Gourm  .                        (no amulet)
MR     .....                    (no ring)
                                (no ring)

@: not resistant to hostile enchantments, very unstealthy
A: negative energy resistance 1, electricity resistance, unbreathing,
petrification resistance, rot immunity, AC +3
a: no special abilities


You were on level 1 of the Dungeon.
You were hungry.

You visited 1 branch of the dungeon, and saw 1 of its levels.

You collected 63 gold pieces.

Inventory:

Missiles
 b - 12 arrows
Armour
 c - a +0 robe (worn)
 f - a +2 buckler (worn)
Comestibles
 a - a bread ration
 m - a chunk of giant gecko flesh
 p - 2 rotting chunks of kobold flesh
Scrolls
 g - a scroll of identify {unknown}
 j - 3 scrolls of remove curse {unknown}
 l - a scroll of noise {unknown}
 o - a scroll of recharging {unknown}
Potions
 e - 2 potions of might {unknown}
 h - a potion of mutation {unknown}
 k - a potion of agility {unknown}
Books
 d - a book of Changes

   Spells                             Type                      Level
   *Beastly Appendage                 Transmutation                1
   Sticks to Snakes                   Transmutation                2
   Spider Form                        Transmutation/Poison         3
   Ice Form                           Ice/Transmutation            4
   Blade Hands                        Transmutation                5


   Skills:
 - Level 1.1 Fighting
 - Level 1.5 Dodging
 + Level 0.4 Shields
 * Level 4.0 Unarmed Combat
 - Level 2.0 Spellcasting
 - Level 1.5 Transmutations


You had 5 spell levels left.
You knew the following spells:

 Your Spells              Type           Power        Failure   Level  Hunger
a - Beastly Appendage     Trmt           #.....       14%         1    ##.....


Dungeon Overview and Level Annotations

Branches:
Dungeon (1/15)

Altars:


Innate Abilities, Weirdness & Mutations

You are resistant to torment.
You are immune to poison.
Your stone body is very resilient (AC +3).
You resist negative energy.
You are resistant to electric shocks.
You can survive without breathing.
You are immune to petrification.
You are immune to rotting.


Message History

You block the gnoll's attack.
You hit the gnoll. You claw the gnoll, but do no damage.
The gnoll is heavily wounded.
The gnoll drinks a potion.
The gnoll is healed!
You hit the gnoll but do no damage.
The gnoll is lightly wounded.
The gnoll closely misses you.
You hit the gnoll.
The gnoll is moderately wounded.
The gnoll closely misses you.
You hit the gnoll.
The gnoll is heavily wounded.
Your talons disappear.
The gnoll hits you with a flail!
* * * LOW HITPOINT WARNING * * *
You barely miss the gnoll.
The gnoll is heavily wounded.
The gnoll hits you with a flail!
Ouch! That really hurt!
You die...

####.......####.# #.#
....)...........# #.#
##.##.##.#.#########
#.## ......##.#.#
#... ...#
>#.#####.#.# ##.##
#..#
###.###.##.####...#
#..#
##...###........#
##..# #####
######...# #...#
##@## #.).# #g# #...#
#.# #.#.#
###########.# ##.#.#
#...........####.#..#
#.#########.....###.#
#.# ######.#.## #.#
##.## #.##### #.#


You could see a gnoll.

Vanquished Creatures
  2 giant geckos (D:1)
  A goblin (D:1)
  4 hobgoblins (D:1)
  2 jackals (D:1)
  3 kobolds (D:1)
  A ball python (D:1)
  2 bats (D:1)
  A giant cockroach (D:1)
  4 giant newts (D:1)
  4 rats (D:1)
24 creatures vanquished.

Notes
Turn   | Place    | Note
--------------------------------------------------------------
     0 | D:1      | Psiweapon, the Gargoyle Transmuter, began the quest for the Orb.
     0 | D:1      | Reached XP level 1. HP: 12/12 MP: 3/3
   207 | D:1      | Reached XP level 2. HP: 13/16 MP: 2/4
   815 | D:1      | Reached skill level 4 in Unarmed Combat
   933 | D:1      | Reached XP level 3. HP: 17/20 MP: 6/6
   979 | D:1      | Mangled by a gnoll

Action                   || total
-------------------------++-------
Melee: Unarmed           ||    92
 Cast: Beastly Appendage ||    15
